 Dungeon Crawl Stone Soup version 0.16.1 (webtiles) character file.

5163 Ladykiller69 the Conjurer (level 10, -10/73 HPs)
             Began as a Demigod Wizard on Mar 22, 2015.
             Mangled by a warg (14 damage)
             ... on level 2 of the Orcish Mines on Mar 23, 2015.
             The game lasted 01:11:18 (7766 turns).

Ladykiller69 the Conjurer (Demigod Wizard)          Turns: 7766, Time: 01:11:18

Health: -10/73     AC:  6    Str: 13    XL:     10   Next: 12%
Magic:  7/25       EV: 15    Int: 26    God:
Gold:   572        SH:  0    Dex: 12    Spells: 5 memorised, 8 levels left

rFire  . . .     SeeInvis .     E - +0 halberd
rCold  + . .     Clarity  .     a - +0 robe
rNeg   + + .     SustAb   +     (no shield)
rPois  .         Gourm    .     v - +0 helmet
rElec  +         Spirit   .     (no cloak)
rCorr  .         Warding  +     (no gloves)
rMut   .         Stasis   .     L - +2 pair of boots
MR     +....                    t - amulet of warding
Stlth  ..........               y - ring "Yluojuwk" {Wiz rElec rN+ Str+3 Dex-4}
                                Q - ring of Pride {rC+ Stlth-}

@: confused, somewhat resistant to hostile enchantments, extremely unstealthy
A: sustain abilities
a: no special abilities


You were on level 2 of the Orcish Mines.
You were not hungry.

You visited 2 branches of the dungeon, and saw 11 of its levels.

You collected 572 gold pieces.

Inventory:

Hand weapons
 f - a +0 spear
 E - a +0 halberd (weapon)
 G - a +2 spear of venom
Armour
 a - a +0 robe (worn)
 b - a cursed +0 hat
 v - a +0 helmet (worn)
 L - a +2 pair of boots (worn)
Jewellery
 e - an uncursed amulet of rage
 t - an amulet of warding (around neck)
 y - the ring "Yluojuwk" (right hand) {Wiz rElec rN+ Str+3 Dex-4}
   (You found it on level 4 of the Dungeon)

   [ring of wizardry]

   It improves your spell success rate.
   It affects your strength (+3).
   It affects your dexterity (-4).
   It insulates you from electricity.
   It protects you from negative energy.
 J - an uncursed ring of see invisible
 K - an uncursed ring of wizardry
 Q - the ring of Pride (left hand) {rC+ Stlth-}
   (You found it on level 6 of the Dungeon)

   [ring of loudness]

   It protects you from cold.
   It makes you less stealthy.
Magical devices
 n - a wand of lightning (8)
 S - a wand of fireball (3)
 T - a wand of paralysis (8)
Scrolls
 g - 6 scrolls of remove curse {unknown}
 i - 4 scrolls of teleportation {unknown}
 k - 5 scrolls of identify
 l - 3 scrolls of random uselessness {unknown}
 o - 3 scrolls of noise {unknown}
 p - 2 scrolls of magic mapping {unknown}
 s - 3 scrolls of recharging {unknown}
 u - 3 scrolls of enchant weapon {unknown}
 B - 5 scrolls of amnesia {unknown}
 H - a scroll of fog {unknown}
 M - 2 scrolls of fear {unknown}
 N - 2 scrolls of blinking {unknown}
 R - a scroll of immolation {unknown}
Potions
 j - 12 potions of curing
 m - a potion of flight {unknown}
 q - a potion of invisibility
 r - a potion of agility
 z - 2 potions of haste
 A - a potion of resistance {unknown}
 C - a potion of ambrosia
 D - a potion of brilliance {unknown}
 F - a potion of cure mutation {unknown}
 O - a potion of restore abilities {unknown}
 P - 2 potions of might {unknown}
Books
 c - a book of Minor Magic

   Spells                             Type                      Level
   a - Magic Dart                     Conjuration                  1
   b - Blink                          Translocation                2
   c - Call Imp                       Summoning                    2
   d - Repel Missiles                 Charms/Air                   2
   e - Slow                           Hexes                        2
   f - Conjure Flame                  Conjuration/Fire             3
   g - Mephitic Cloud                 Conjuration/Poison/Air       3
 w - a book of the Earth

   Spells                             Type                      Level
   a - Leda's Liquefaction            Hexes/Earth                  4
   b - Bolt of Magma                  Conjuration/Fire/Earth       5
   c - Statue Form                    Transmutation/Earth          6
   d - Iron Shot                      Conjuration/Earth            6
   e - Shatter                        Earth                        9
 x - a book of Clouds

   Spells                             Type                      Level
   a - Mephitic Cloud                 Conjuration/Poison/Air       3
   b - Conjure Flame                  Conjuration/Fire             3
   c - Poisonous Cloud                Conjuration/Poison/Air       6
   d - Freezing Cloud                 Conjuration/Ice/Air          6
   e - Ring of Flames                 Charms/Fire                  7
Comestibles
 d - 7 bread rations
 h - 4 meat rations
 I - 7 fruits
 U - 10 royal jellies
 V - 4 chunks of flesh


   Skills:
 + Level 2.0 Fighting
 * Level 5.2 Polearms
 * Level 6.2 Dodging
 - Level 2.0 Stealth
 + Level 5.1 Spellcasting
 * Level 6.4 Conjurations
 - Level 2.0 Charms
   Level 0.8 Summonings
 - Level 3.0 Translocations
 + Level 4.0 Fire Magic
 - Level 3.0 Air Magic
 + Level 3.9 Poison Magic


You had 8 spell levels left.
You knew the following spells:

 Your Spells              Type           Power        Failure   Level  Hunger
a - Magic Dart            Conj           ####         1%          1    None
b - Blink                 Tloc           N/A          1%          2    None
c - Conjure Flame         Conj/Fire      ####....     1%          3    #......
d - Mephitic Cloud        Conj/Pois/Air  ####....     1%          3    #......
e - Repel Missiles        Chrm/Air       ###...       1%          2    None


Dungeon Overview and Level Annotations

Branches:
Dungeon (9/15)             Temple (0/1) D:4             Orc (2/4) D:9
   Lair: D:8-11

Shops:
D:7 *

Annotations:
D:7 exclusion: oklob plant


Innate Abilities, Weirdness & Mutations

Your attributes are resistant to harm.


Message History

Casting: Blink
Confirm with . or Enter, or press ? or * to list all spells.
You blink.
Things that are here:
a whip; a leather armour The warg closely misses you.
The warg misses you.
Shadows whirl around the warg...
The orc priest shouts!
The orc wizard shouts!
The orc wizard shouts!
The orc shouts! x2
The orc priest shouts!
The orc shouts!
The orc wizard tries to attack you, but flinches away.
The orc priest calls down the wrath of Beogh upon you.
Something smites you!
* * * LOW HITPOINT WARNING * * *
The orc barely misses you.
Drink which item? (? for menu, Esc to quit)
You are confused.
You feel invigorated. The warg bites you!
You die...

. .#.... .........
........## ...........#
#.......... #......$..##
###.........##
#............##
##.@...........##
###ohoo...........##
###..ooho............##
##.###ooo..##.......<..#
#....$.....####.......###
#.#....o#### ##.........
#..o...### #........##
#........# ##........#
#......<.###....)..###


You could see 2 wargs, 2 orc priests, 2 orc wizards and 7 orcs.

Vanquished Creatures
  A hill giant (D:8)
  Joseph (D:9)
  A wandering mushroom (D:9)
  The ghost of Zugr the Ruffian, an average TrMo (D:4)
  A hippogriff (D:7)
  2 sky beasts
  2 orc warriors (D:9)
  A water moccasin (D:9)
  2 ice beasts
  A phantom (D:6)
  10 ogres
  A necrophage (D:7)
  3 centaurs
  A big kobold (D:8)
  A gnoll sergeant (D:9)
  4 scorpions
  7 wights
  3 centaur zombies (D:7)
  A gnoll shaman (D:5)
  5 jellies
  5 giant frog zombies
  2 giant frog skeletons
  6 orc priests
  A hound (D:4)
  8 orc wizards
  7 worker ants
  An iguana (D:6)
  A hound zombie (D:5)
  A hound skeleton (D:7)
  A mummy (D:8)
  20 gnolls
  A worker ant zombie (D:8)
  12 adders
  2 adder skeletons
  An adder zombie (D:6)
  5 giant geckos
  5 oozes (D:9)
  40 orcs
  A ball python (D:1)
  A bat skeleton (D:4)
  5 giant cockroaches
  14 goblins
  13 hobgoblins
  A quokka (D:8)
  10 bats
  A giant gecko zombie (D:8)
  5 giant newts
  A jackal skeleton (D:4)
  A jackal zombie (D:6)
  21 kobolds
  A quokka skeleton (D:6)
  22 rats
265 creatures vanquished.

Vanquished Creatures (others)
  An orc (D:9)
  A giant spore (D:9)
2 creatures vanquished.

Grand Total: 267 creatures vanquished

Notes
Turn   | Place    | Note
--------------------------------------------------------------
     0 | D:1      | Ladykiller69, the Demigod Wizard, began the quest for the Orb.
     0 | D:1      | Reached XP level 1. HP: 14/14 MP: 4/4
   100 | D:1      | Reached skill level 1 in Conjurations
   259 | D:1      | Reached skill level 3 in Spellcasting
   259 | D:1      | Reached XP level 2. HP: 18/20 MP: 0/7
   595 | D:1      | Learned a level 2 spell: Blink
   959 | D:2      | Reached skill level 1 in Translocations
   959 | D:2      | Reached XP level 3. HP: 23/26 MP: 0/9
  1093 | D:2      | Learned a level 3 spell: Conjure Flame
  1551 | D:3      | Reached XP level 4. HP: 26/33 MP: 6/12
  1559 | D:3      | Learned a level 3 spell: Mephitic Cloud
  1770 | D:3      | Found a bloodstained altar of Trog.
  2136 | D:3      | Noticed an ogre
  2150 | D:3      | Killed an ogre
  2150 | D:3      | Reached skill level 1 in Fire Magic
  2150 | D:3      | Reached XP level 5. HP: 38/38 MP: 7/14
  2325 | D:4      | Got a faintly glowing glass ring
  2331 | D:4      | Identified the ring "Yluojuwk" {Wiz rElec rN+ Str+3 Dex-4} (You found it on level 4 of the Dungeon)
  2344 | D:4      | Reached skill level 1 in Polearms
  2344 | D:4      | Reached skill level 1 in Poison Magic
  2346 | D:4      | Noticed an ogre
  2610 | D:4      | Noticed an ogre
  2643 | D:4      | Killed an ogre
  2643 | D:4      | Reached skill level 1 in Air Magic
  2643 | D:4      | Reached XP level 6. HP: 45/45 MP: 3/17
  2713 | D:4      | Noticed Zugr's ghost (average TrMo)
  2726 | D:4      | Killed Zugr's ghost
  2787 | D:4      | Found a staircase to the Ecumenical Temple.
  3230 | D:4      | Killed an ogre
  3230 | D:4      | Reached XP level 7. HP: 50/50 MP: 16/19
  3310 | D:4      | Noticed an ogre
  3316 | D:4      | Killed an ogre
  3402 | D:4      | Learned a level 2 spell: Repel Missiles
  3458 | D:5      | Entered Level 5 of the Dungeon
  3492 | D:5      | Found a shadowy altar of Dithmenos.
  3679 | D:5      | Reached skill level 4 in Spellcasting
  3950 | D:5      | Reached XP level 8. HP: 31/57 MP: 18/21
  4428 | D:6      | Reached skill level 1 in Charms
  4670 | D:6      | Got a steaming bone ring
  4672 | D:6      | Identified the ring of Pride {rC+ Stlth-} (You found it on level 6 of the Dungeon)
  4699 | D:6      | Found a sacrificial altar of Ru.
  4853 | D:7      | Noticed an oklob plant
  5250 | D:7      | Found Twenen's Assorted Antiques.
  5411 | D:7      | Reached skill level 5 in Conjurations
  5482 | D:7      | Reached XP level 9. HP: 55/62 MP: 20/23
  5486 | D:7      | Reached skill level 5 in Dodging
  5721 | D:7      | Found an ancient bone altar of Kikubaaqudgha.
  6512 | D:8      | Noticed a hill giant
  6530 | D:8      | Killed a hill giant
  6530 | D:8      | Reached skill level 1 in Fighting
  6742 | D:9      | Noticed Joseph
  6806 | D:9      | Killed Joseph
  6806 | D:9      | Reached skill level 6 in Conjurations
  7116 | D:9      | Reached skill level 5 in Polearms
  7116 | D:9      | Reached skill level 5 in Spellcasting
  7126 | D:9      | Found a basalt altar of Yredelemnul.
  7191 | D:9      | Upgraded the game from 0.16.0-18-g484a79e to 0.16.1
  7251 | D:9      | Reached XP level 10. HP: 44/73 MP: 15/25
  7268 | D:9      | Found a staircase to the Orcish Mines.
  7375 | D:9      | Found a roughly hewn altar of Beogh.
  7377 | Orc:1    | Entered Level 1 of the Orcish Mines
  7738 | Orc:2    | HP: 3/73 [orc/whip (2)]
  7765 | Orc:2    | HP: 1/73 [orc priest/divine providence[a warg] (8)]
  7766 | Orc:2    | Mangled by a warg

Action                   |  1- 3 |  4- 6 |  7- 9 | 10-12 || total
-------------------------+-------+-------+-------+-------++-------
Melee: Unarmed           |    15 |       |       |       ||    15
       Spear             |     9 |    91 |   252 |       ||   352
       Halberd           |       |    12 |   229 |    86 ||   327
 Cast: Magic Dart        |   106 |    78 |    27 |    16 ||   227
       Blink             |     1 |     7 |    17 |    13 ||    38
       Mephitic Cloud    |       |    18 |    55 |    23 ||    96
       Conjure Flame     |       |     2 |    54 |       ||    56
  Use: Potion            |       |     1 |     1 |     1 ||     3
       Scroll            |       |       |     6 |       ||     6
 Stab: Confused          |       |     8 |    24 |     4 ||    36
       Paralysed         |       |       |     1 |       ||     1
       Sleeping          |       |       |     1 |       ||     1
  Eat: Chunk             |     2 |     6 |    16 |     3 ||    27
       Fruit             |       |       |     1 |       ||     1
       Pizza             |       |       |     1 |       ||     1
